Carnivores vs Rafales

Created - April 24, 2018 at 21:53

Goals
1 2 3 T
Carnivores 0 1 1 2
Rafales 1 1 1 3
Shots
1 2 3 T
Carnivores 9 11 11 31
Rafales 8 11 7 26

1st period

1. Rafales , Jarret Stoll 26 (Mark Fayne 48, Michael Bournival 23) at 10:05

Penalties :
Connor Murphy (Stf) for Fighting (Major) at 1:09, Mat Clark (Bre) for Fighting (Major) at 1:09

2nd period

2. Rafales , Milan Bartovic 27 (Mike Zigomanis 76, Cody McLeod 72) at 10:58 (PP)
3. Carnivores , Blake Geoffrion 32 (Nikita Alexeev 17, Ryan Murray 29) at 14:14

Penalties :
Blake Geoffrion (Bre) for Slashing (Minor) at 10:49, Nicolas Kerdiles (Bre) for Holding Stick (Minor) at 18:45

3rd period

4. Carnivores , Jeremy Welsh 20 (Jeremy Williams 18, Ryan Murray 30) at 11:26
5. Rafales , Cody McLeod 57 (Milan Bartovic 38, Mike Zigomanis 77) at 13:41

Penalties :
Jarret Stoll (Stf) for Holding Stick (Minor) at 6:29, Mike Zigomanis (Stf) for Holding (Minor) at 14:03

Goalie Stats

Mike McKenna (Bre), 23 saves from 26 shots - (0.885), L, 18-12-4, 58:59 minutes
Leland Irving (Stf), 29 saves from 31 shots - (0.935), W, 8-5-1, 60:00 minutes

Players Stats for Carnivores

Player Name              G  A  P  +/- PIM S  H  SB GA TA FO     MP     PP MP  PK MP  
------------------------------------------------------------------------------------
Adam Pelech              0  0  0   0  0   0  0  0  0  0  0/0     7:31   0:00   0:00 
Anton Gustafsson         0  0  0   0  0   1  1  0  1  1  11/25  20:10   1:59   0:13 
Blake Geoffrion          1  0  1   1  2   1  1  0  4  0  0/0    16:27   1:57   0:21 
Brendan Gallagher        0  0  0   0  0   2  4  0  0  0  1/1    21:52   1:58   1:38 
Jeremy Welsh             1  0  1  -1  0   4  1  0  1  0  0/0    12:33   0:03   0:00 
Jeremy Williams          0  1  1  -1  0   2  0  2  1  1  0/0    12:54   0:02   0:19 
Joe Corvo                0  0  0   2  0   2  1  0  0  0  0/0    23:43   2:21   1:33 
Josh Manson              0  0  0  -2  0   0  0  0  0  0  0/0    12:02   0:32   0:11 
Mark MacMillan           0  0  0   0  0   1  0  0  0  0  0/0     9:03   0:00   0:00 
Markus Granlund          0  0  0   1  0   0  3  0  0  0  3/8    16:44   1:57   0:00 
Mat Clark                0  0  0  -2  5   0  0  3  1  0  0/0    10:23   1:05   0:00 
Nate Schmidt             0  0  0   0  0   1  0  2  1  0  0/0    19:06   0:00   1:57 
Nicolas Kerdiles         0  0  0   0  2   2  1  0  0  0  0/0     9:15   0:00   0:00 
Nikita Alexeev           0  1  1   1  0   1  2  0  1  0  0/1    16:07   1:57   0:00 
Ryan Murray              0  2  2   2  0   3  1  1  0  1  0/0    20:45   2:28   0:00 
Sasha Pokulok            0  0  0   0  0   3  0  1  0  0  0/0    15:15   0:00   0:00 
Scott Laughton           0  0  0   0  0   0  2  0  0  0  0/4     9:33   0:02   0:04 
Steve Begin              0  0  0   0  0   4  0  0  0  0  1/5    21:48   1:59   1:41 
T.J Brodie               0  0  0   0  0   1  0  1  0  0  0/0    11:14   1:30   0:35 
Zack Smith               0  0  0  -1  0   3  0  0  0  0  5/8    11:24   0:00   0:00 

Players Stats for Rafales

Player Name              G  A  P  +/- PIM S  H  SB GA TA FO     MP     PP MP  PK MP  
------------------------------------------------------------------------------------
Brian Ferlin             0  0  0   0  0   0  3  0  0  0  0/0    12:15   0:00   0:00 
Carl Klingberg           0  0  0  -1  0   0  3  1  1  0  0/0    13:30   0:00   1:15 
Chris Terry              0  0  0   0  0   1  0  0  0  0  0/0     7:15   0:00   0:00 
Cody McLeod              1  1  2   1  0   4  2  1  0  0  0/1    21:50   1:21   1:46 
Connor Murphy            0  0  0  -1  5   3  3  2  0  0  0/0    20:14   0:44   1:16 
Dennis Persson           0  0  0   1  0   0  1  0  0  0  0/0    19:36   0:00   0:00 
Dylan McIlrath           0  0  0   0  0   0  1  0  0  0  0/0    13:30   0:00   0:00 
James Marcou             0  0  0   0  0   0  1  0  0  0  0/0     7:15   0:00   0:00 
Jarret Stoll             1  0  1   0  2   4  1  0  1  0  7/17   16:38   0:00   1:02 
Julian Melchiori         0  0  0  -1  0   1  0  2  0  1  0/0    19:24   0:44   1:16 
Kevin Veilleux           0  0  0   0  0   1  2  0  0  0  0/1     8:10   0:00   0:49 
Mark Fayne               0  1  1   0  0   2  1  0  0  3  0/0    27:08   1:24   2:42 
Michael Bournival        0  1  1   0  0   2  1  0  0  0  0/1    17:23   0:47   0:37 
Mike Zigomanis           0  2  2   1  2   2  0  1  1  2  19/26  21:21   1:21   0:44 
Milan Bartovic           1  1  2   1  0   3  1  0  0  2  0/1    20:19   1:21   0:20 
Nathan Davis             0  0  0  -1  0   2  3  0  0  0  5/5    13:52   0:47   1:23 
Slater Koekkoek          0  0  0   0  0   0  3  1  0  2  0/0    19:30   1:24   2:42 
Tim Crowder              0  0  0   0  0   1  0  1  0  0  0/0    16:49   0:47   0:00 

3 Stars

1 - Cody McLeod (Stf)
2 - Milan Bartovic (Stf)
3 - Ryan Murray (Bre)

Power Play

Carnivores - 0 on 2 Attempt(s) - 0.00%
Rafales - 1 on 2 Attempt(s) - 50.00%

Penalty Kill

Carnivores - 1 on 2 Attempt(s) - 50.00% - Score 0 goal in Penalty Kill
Rafales - 2 on 2 Attempt(s) - 100.00% - Score 0 goal in Penalty Kill

Team Stat

Carnivores - Hits : 17 - Faceoff Wins : 21 - Blocked Shots : 10 - Penalty Minutes : 9
Rafales - Hits : 26 - Faceoff Wins : 31 - Blocked Shots : 9 - Penalty Minutes : 9

Official

Referees : Walkom Stephen and Martell Rob
Linesman : Ryan Galloway and Jay Sharrers

Game Notes

Connor Murphy and Mat Clark fight to a draw at 1:09 of 1st period

Finance

Level 1 -- Attendance: 1474 (73.70%) -- Ticket Income $58,960
Level 2 -- Attendance: 708 (70.80%) -- Ticket Income $14,160
Total Attendance: 2182 (72.73%)
Total Ticket Income: $73,120
Other Income: $3,656
Total Income: $76,776

Carnivores

5 vs 5 Forward 
   Center                   Left Wing                Right Wing               Time % Phy DF OF 
 1 Anton Gustafsson         Steve Begin              Brendan Gallagher        40     1   2  2  
 2 Markus Granlund          Blake Geoffrion          Nikita Alexeev           30     1   2  2  
 3 Zack Smith               Jeremy Welsh             Jeremy Williams          20     1   2  2  
 4 Scott Laughton           Nicolas Kerdiles         Mark MacMillan           10     1   2  2  

5 vs 5 Defense 
   Defense                  Defense                                           Time % Phy DF OF 
 1 Joe Corvo                Ryan Murray                                       40     1   2  2  
 2 Sasha Pokulok            Nate Schmidt                                      30     1   2  2  
 3 Mat Clark                Josh Manson                                       20     1   2  2  
 4 T.J Brodie               Adam Pelech                                       10     1   2  2  

PowerPlay Forward 
   Center                   Left Wing                Right Wing               Time % Phy DF OF 
 1 Anton Gustafsson         Steve Begin              Brendan Gallagher        60     1   2  2  
 2 Markus Granlund          Blake Geoffrion          Nikita Alexeev           40     1   2  2  

PowerPlay Defense
   Defense                  Defense                                           Time % Phy DF OF 
 1 Joe Corvo                Ryan Murray                                       60     1   2  2  
 2 T.J Brodie               Joe Corvo                                         40     1   2  2  

Penalty Kill 4 Players Forward 
   Center                   Wing                     Time % Phy DF OF 
 1 Steve Begin              Brendan Gallagher        60     1   2  2  
 2 Anton Gustafsson         Blake Geoffrion          40     1   2  2  

Penalty Kill 4 Players Defense
   Defense                  Defense                  Time % Phy DF OF 
 1 Joe Corvo                Nate Schmidt             60     1   2  2  
 2 T.J Brodie               Nate Schmidt             40     1   2  2  

Penalty Kill - 3 Players Forward 
   Forward                                           Time % Phy DF OF 
 1 Steve Begin                                       60     1   2  2  
 2 Nikita Alexeev                                    40     1   2  2  

Penalty Kill - 3 Players Defense
   Defense                  Defense                  Time % Phy DF OF 
 1 Ryan Murray              Sasha Pokulok            60     1   2  2  
 2 T.J Brodie               Nate Schmidt             40     1   2  2  

4 vs 4 Forward 
   Center                   Wing                     Time % Phy DF OF 
 1 Steve Begin              Nikita Alexeev           60     1   2  2  
 2 Jeremy Williams          Blake Geoffrion          40     1   2  2  

4 vs 4 Defense
   Defense                  Defense                  Time % Phy DF OF 
 1 Ryan Murray              Nate Schmidt             60     1   2  2  
 2 Joe Corvo                T.J Brodie               40     1   2  2  

Last Minutes Offensive
   Center                   Left Wing                Right Wing               Defense                  Defense                  
   Anton Gustafsson         Steve Begin              Brendan Gallagher        Joe Corvo                Nate Schmidt             

Last Minutes Defensive
   Center                   Left Wing                Right Wing               Defense                  Defense                  
   Anton Gustafsson         Steve Begin              Brendan Gallagher        Joe Corvo                Nate Schmidt             

Goaltenders
Starting : Mike McKenna             
Backup : Antti Raanta             

Extra Forwards
Normal : Scott Laughton, Jeremy Welsh, Jeremy Williams - PP : Jeremy Welsh, Scott Laughton - PK : Jeremy Williams
Extra Defensemen
Normal : Mat Clark, T.J Brodie, Josh Manson - PP : Mat Clark - PK : T.J Brodie, Josh Manson
Penalty Shots
Steve Begin, Nikita Alexeev, Brendan Gallagher, Blake Geoffrion, Jeremy Welsh

Scratches
David Schlemko (Healthy), Mattias Backman (Healthy), Adam Almquist (Healthy), Stanislav Galiev (Healthy), Tyler Graovac (Healthy)
Patrick McNeill (Healthy), Troy Bourke (Healthy), Alexandre Mallet (Healthy), Michael Schumacher (Healthy), Daniel Altshuller (Healthy)

Rafales

5 vs 5 Forward 
   Center                   Left Wing                Right Wing               Time % Phy DF OF 
 1 Mike Zigomanis           Cody McLeod              Milan Bartovic           40     1   1  3  
 2 Jarret Stoll             Michael Bournival        Tim Crowder              30     1   1  3  
 3 Nathan Davis             Carl Klingberg           Brian Ferlin             20     1   1  3  
 4 Kevin Veilleux           Chris Terry              James Marcou             10     1   1  3  

5 vs 5 Defense 
   Defense                  Defense                                           Time % Phy DF OF 
 1 Dennis Persson           Mark Fayne                                        40     1   3  1  
 2 Julian Melchiori         Connor Murphy                                     30     1   3  1  
 3 Dylan McIlrath           Slater Koekkoek                                   20     1   3  1  
 4 Mark Fayne               Connor Murphy                                     10     1   3  1  

PowerPlay Forward 
   Center                   Left Wing                Right Wing               Time % Phy DF OF 
 1 Mike Zigomanis           Cody McLeod              Milan Bartovic           60     0   0  5  
 2 Nathan Davis             Michael Bournival        Tim Crowder              40     0   0  5  

PowerPlay Defense
   Defense                  Defense                                           Time % Phy DF OF 
 1 Slater Koekkoek          Mark Fayne                                        60     0   2  3  
 2 Julian Melchiori         Connor Murphy                                     40     0   2  3  

Penalty Kill 4 Players Forward 
   Center                   Wing                     Time % Phy DF OF 
 1 Mike Zigomanis           Cody McLeod              60     0   4  1  
 2 Nathan Davis             Milan Bartovic           40     0   4  1  

Penalty Kill 4 Players Defense
   Defense                  Defense                  Time % Phy DF OF 
 1 Slater Koekkoek          Mark Fayne               60     1   4  0  
 2 Julian Melchiori         Connor Murphy            40     1   4  0  

Penalty Kill - 3 Players Forward 
   Forward                                           Time % Phy DF OF 
 1 Mike Zigomanis                                    60     0   5  0  
 2 Cody McLeod                                       40     0   5  0  

Penalty Kill - 3 Players Defense
   Defense                  Defense                  Time % Phy DF OF 
 1 Slater Koekkoek          Mark Fayne               60     1   4  0  
 2 Julian Melchiori         Connor Murphy            40     1   4  0  

4 vs 4 Forward 
   Center                   Wing                     Time % Phy DF OF 
 1 Mike Zigomanis           Cody McLeod              60     1   1  3  
 2 Nathan Davis             Milan Bartovic           40     1   1  3  

4 vs 4 Defense
   Defense                  Defense                  Time % Phy DF OF 
 1 Slater Koekkoek          Mark Fayne               60     1   3  1  
 2 Julian Melchiori         Connor Murphy            40     1   3  1  

Last Minutes Offensive
   Center                   Left Wing                Right Wing               Defense                  Defense                  
   Mike Zigomanis           Cody McLeod              Milan Bartovic           Connor Murphy            Mark Fayne               

Last Minutes Defensive
   Center                   Left Wing                Right Wing               Defense                  Defense                  
   Mike Zigomanis           Cody McLeod              Milan Bartovic           Slater Koekkoek          Mark Fayne               

Goaltenders
Starting : Leland Irving            
Backup : Philipp Grubauer         

Extra Forwards
Normal : Cody McLeod, Mike Zigomanis, Milan Bartovic - PP : Cody McLeod, Mike Zigomanis - PK : Mike Zigomanis
Extra Defensemen
Normal : Connor Murphy, Mark Fayne, Slater Koekkoek - PP : Connor Murphy - PK : Slater Koekkoek, Mark Fayne
Penalty Shots
Mike Zigomanis, Cody McLeod, Nathan Davis, Milan Bartovic, James Marcou

Scratches
Ben Sexton (Healthy), Cedric Paquette (Healthy), Ryan Bourque (Healthy), Ben Johnson (Healthy), Nicklas Jensen (Healthy)
Jayson Megna (Healthy), Brad Ross (Healthy), Ben Thomson (Healthy), David Broll (Healthy), Stefan Chaput (Healthy)
Akim Aliu (Healthy), Maksim Mayorov (Healthy), Chris Driedger (Healthy)

% Time on Ice - Carnivores

Lines # - Real PCT - Wanted PCT - Time Play
Normal Forward
1 - 32% - 40% - 16:55
2 - 29% - 30% - 15:18
3 - 22% - 20% - 11:24
4 - 17% - 10% - 9:03
Normal Defense
1 - 36% - 40% - 18:57
2 - 29% - 30% - 15:16
3 - 21% - 20% - 10:56
4 - 14% - 10% - 7:31
PP Forward
1 - 51% - 60% - 2:01
2 - 49% - 40% - 1:57
PP Defense
1 - 62% - 60% - 2:28
2 - 38% - 40% - 1:30
PK Forward
1 - 90% - 60% - 1:55
2 - 10% - 40% - 0:13
PK Defense
1 - 73% - 60% - 1:33
2 - 27% - 40% - 0:35
PK3 Forward
1 - 0% - 60%
2 - 0% - 40%
PK3 Defense
1 - 0% - 60%
2 - 0% - 40%
44 Forward
1 - 0% - 60%
2 - 0% - 40%
44 Defense
1 - 0% - 60%
2 - 0% - 40%
Last Minute Offensive  - 1:14
Last Minute Defensive  - 0:00
Total
Forward - 60:00
Defense - 60:00

% Time on Ice - Rafales

Lines # - Real PCT - Wanted PCT - Time Play
Normal Forward
1 - 33% - 40% - 17:27
2 - 31% - 30% - 16:29
3 - 22% - 20% - 11:29
4 - 14% - 10% - 7:15
Normal Defense
1 - 38% - 40% - 19:48
2 - 32% - 30% - 16:50
3 - 24% - 20% - 12:32
4 - 7% - 10% - 3:30
PP Forward
1 - 63% - 60% - 1:21
2 - 37% - 40% - 0:47
PP Defense
1 - 66% - 60% - 1:24
2 - 34% - 40% - 0:44
PK Forward
1 - 92% - 60% - 3:38
2 - 8% - 40% - 0:20
PK Defense
1 - 68% - 60% - 2:42
2 - 32% - 40% - 1:16
PK3 Forward
1 - 0% - 60%
2 - 0% - 40%
PK3 Defense
1 - 0% - 60%
2 - 0% - 40%
44 Forward
1 - 0% - 60%
2 - 0% - 40%
44 Defense
1 - 0% - 60%
2 - 0% - 40%
Last Minute Offensive  - 0:00
Last Minute Defensive  - 1:14
Total
Forward - 60:00
Defense - 60:00

Play by Play

1st period


0:01 of 1st period - Mike Zigomanis wins face-off versus Anton Gustafsson in neutral zone.
0:26 of 1st period - Mark Fayne is hit by Joe Corvo and loses puck.
0:52 of 1st period - Sasha Pokulok is hit by Mark Fayne and loses puck.
0:58 of 1st period - Off-side.
0:59 of 1st period - Nathan Davis wins face-off versus Scott Laughton in neutral zone.
1:09 of 1st period - Connor Murphy and Mat Clark fight to a draw.
1:09 of 1st period - Penalty to Connor Murphy for Fighting.
1:09 of 1st period - Penalty to Mat Clark for Fighting.
1:10 of 1st period - Anton Gustafsson wins face-off versus Jarret Stoll in Carnivores zone.
1:21 of 1st period - Snap shot by Jarret Stoll.
1:21 of 1st period - Shot Misses the Net.
1:23 of 1st period - Backhand shot by Michael Bournival.
1:23 of 1st period - Stopped by Mike McKenna with a rebound.
1:25 of 1st period - Slapshot by Slater Koekkoek.
1:25 of 1st period - Shot Misses the Net.
2:06 of 1st period - Slapshot by Ryan Murray.
2:06 of 1st period - Stopped by Leland Irving with a rebound.
2:21 of 1st period - Snap shot by Cody McLeod.
2:21 of 1st period - Shot Misses the Net.
2:27 of 1st period - Snap shot by Cody McLeod.
2:27 of 1st period - Stopped by Mike McKenna without a rebound.
2:28 of 1st period - Jarret Stoll wins face-off versus Anton Gustafsson in Carnivores zone.
3:21 of 1st period - Icing by Josh Manson.
3:22 of 1st period - Zack Smith wins face-off versus Jarret Stoll in Carnivores zone.
3:22 of 1st period - Zack Smith is hit by Slater Koekkoek.
3:28 of 1st period - Wrist shot by Jeremy Welsh.
3:28 of 1st period - Stopped by Leland Irving with a rebound.
4:41 of 1st period - Carl Klingberg is hit by Scott Laughton and loses puck.
5:21 of 1st period - Steve Begin is hit by Dennis Persson and loses puck.
5:56 of 1st period - Michael Bournival is hit by Nikita Alexeev and loses puck.
6:21 of 1st period - Snap shot by Cody McLeod.
6:21 of 1st period - Shot Blocked by Sasha Pokulok.
6:45 of 1st period - Snap shot by Sasha Pokulok.
6:45 of 1st period - Stopped by Leland Irving with a rebound.
6:57 of 1st period - Markus Granlund is hit by Carl Klingberg and loses puck.
7:46 of 1st period - Kevin Veilleux is hit by Brendan Gallagher and loses puck.
8:33 of 1st period - Slapshot by Ryan Murray.
8:33 of 1st period - Stopped by Leland Irving with a rebound.
8:39 of 1st period - Ryan Murray is hit by Michael Bournival and loses puck.
8:57 of 1st period - Joe Corvo is hit by Brian Ferlin and loses puck.
9:10 of 1st period - Carl Klingberg is hit by Brendan Gallagher and loses puck.
9:17 of 1st period - Joe Corvo is hit by Brian Ferlin and loses puck.
10:01 of 1st period - Icing by T.J Brodie.
10:02 of 1st period - Jarret Stoll wins face-off versus Zack Smith in Carnivores zone.
10:03 of 1st period - Wrist shot by Michael Bournival.
10:03 of 1st period - Stopped by Mike McKenna with a rebound.
10:05 of 1st period - Slapshot by Mark Fayne.
10:05 of 1st period - Deflect By Jarret Stoll.
10:05 of 1st period - Goal by Jarret Stoll - Carnivores : 0 - Rafales : 1.
10:06 of 1st period - Anton Gustafsson wins face-off versus Mike Zigomanis in neutral zone.
10:55 of 1st period - Nathan Davis is hit by Jeremy Welsh and loses puck.
11:02 of 1st period - T.J Brodie is hit by Brian Ferlin.
12:24 of 1st period - Snap shot by Zack Smith.
12:24 of 1st period - Shot Misses the Net.
12:30 of 1st period - Mat Clark is hit by Carl Klingberg and loses puck.
13:14 of 1st period - Off-side.
13:15 of 1st period - Markus Granlund wins face-off versus Jarret Stoll in neutral zone.
13:27 of 1st period - Snap shot by Nikita Alexeev.
13:27 of 1st period - Shot Blocked by Tim Crowder.
13:29 of 1st period - Slapshot by T.J Brodie.
13:29 of 1st period - Deflect By Nikita Alexeev.
13:29 of 1st period - Stopped by Leland Irving with a rebound.
13:31 of 1st period - Snap shot by Nikita Alexeev.
13:31 of 1st period - Shot Misses the Net.
13:49 of 1st period - Snap shot by Steve Begin.
13:49 of 1st period - Shot Blocked by Cody McLeod.
14:05 of 1st period - Wrist shot by Jeremy Welsh.
14:05 of 1st period - Stopped by Leland Irving without a rebound.
14:06 of 1st period - Mike Zigomanis wins face-off versus Zack Smith in Rafales zone.
14:20 of 1st period - Snap shot by Cody McLeod.
14:20 of 1st period - Shot Blocked by Nate Schmidt.
14:22 of 1st period - Slapshot by Connor Murphy.
14:22 of 1st period - Stopped by Mike McKenna with a rebound.
14:57 of 1st period - Ryan Murray is hit by Nathan Davis and loses puck.
15:16 of 1st period - James Marcou is hit by Nicolas Kerdiles and loses puck.
15:21 of 1st period - Wrist shot by Scott Laughton.
15:21 of 1st period - Deflect By Mark MacMillan.
15:21 of 1st period - Stopped by Leland Irving without a rebound.
15:22 of 1st period - Mike Zigomanis wins face-off versus Anton Gustafsson in Rafales zone.
15:38 of 1st period - Slapshot by Steve Begin.
15:38 of 1st period - Shot Misses the Net.
16:07 of 1st period - Off-side.
16:08 of 1st period - Nathan Davis wins face-off versus Scott Laughton in neutral zone.
16:13 of 1st period - Ryan Murray is hit by Carl Klingberg and loses puck.
16:58 of 1st period - Slapshot by Ryan Murray.
16:58 of 1st period - Shot Blocked by Connor Murphy.
17:16 of 1st period - Wrist shot by Scott Laughton.
17:16 of 1st period - Deflect By Nicolas Kerdiles.
17:16 of 1st period - Stopped by Leland Irving with a rebound.
17:18 of 1st period - Slapshot by Joe Corvo.
17:18 of 1st period - Deflect By Cody McLeod.
17:18 of 1st period - Stopped by Leland Irving without a rebound.
17:19 of 1st period - Anton Gustafsson wins face-off versus Michael Bournival in Rafales zone.
17:51 of 1st period - Wrist shot by Nathan Davis.
17:51 of 1st period - Stopped by Mike McKenna without a rebound.
17:52 of 1st period - Markus Granlund wins face-off versus Mike Zigomanis in Carnivores zone.
17:55 of 1st period - Snap shot by Cody McLeod.
17:55 of 1st period - Shot Blocked by Mat Clark.
17:57 of 1st period - Wrist shot by Milan Bartovic.
17:57 of 1st period - Shot Misses the Net.
17:59 of 1st period - Snap shot by Milan Bartovic.
17:59 of 1st period - Stopped by Mike McKenna without a rebound.
18:00 of 1st period - Markus Granlund wins face-off versus Mike Zigomanis in Carnivores zone.
18:00 of 1st period - Markus Granlund is hit by Dylan McIlrath.
18:28 of 1st period - Snap shot by Milan Bartovic.
18:28 of 1st period - Shot Misses the Net.
18:30 of 1st period - Wrist shot by Milan Bartovic.
18:30 of 1st period - Shot Blocked by Mat Clark.
18:32 of 1st period - Snap shot by Cody McLeod.
18:32 of 1st period - Stopped by Mike McKenna without a rebound.
18:33 of 1st period - Anton Gustafsson wins face-off versus Jarret Stoll in Carnivores zone.
Goals for this period are 0 for Carnivores vs 1 for Rafales.
Shots for this period are 9 for Carnivores vs 8 for Rafales.

2nd period


0:01 of 2nd period - Mike Zigomanis wins face-off versus Anton Gustafsson in neutral zone.
0:08 of 2nd period - Mike Zigomanis is hit by Brendan Gallagher and loses puck.
0:27 of 2nd period - Tim Crowder is hit by Markus Granlund and loses puck.
1:07 of 2nd period - Nicolas Kerdiles is hit by Kevin Veilleux and loses puck.
1:27 of 2nd period - Icing by Nicolas Kerdiles.
1:28 of 2nd period - Mike Zigomanis wins face-off versus Anton Gustafsson in Carnivores zone.
1:50 of 2nd period - Brendan Gallagher is hit by Cody McLeod and loses puck.
1:59 of 2nd period - Slapshot by Brendan Gallagher.
1:59 of 2nd period - Shot Misses the Net.
2:01 of 2nd period - Slapshot by Nate Schmidt.
2:01 of 2nd period - Stopped by Leland Irving with a rebound.
2:03 of 2nd period - Slapshot by Sasha Pokulok.
2:03 of 2nd period - Stopped by Leland Irving with a rebound.
2:35 of 2nd period - Wrist shot by Milan Bartovic.
2:35 of 2nd period - Stopped by Mike McKenna without a rebound.
2:36 of 2nd period - Jarret Stoll wins face-off versus Markus Granlund in Carnivores zone.
3:09 of 2nd period - Wrist shot by Jeremy Welsh.
3:09 of 2nd period - Stopped by Leland Irving without a rebound.
3:10 of 2nd period - Nathan Davis wins face-off versus Markus Granlund in Rafales zone.
3:17 of 2nd period - Slapshot by Nathan Davis.
3:17 of 2nd period - Shot Blocked by Ryan Murray.
3:57 of 2nd period - Snap shot by Chris Terry.
3:57 of 2nd period - Shot Misses the Net.
4:09 of 2nd period - Nate Schmidt is hit by Kevin Veilleux and loses puck.
4:21 of 2nd period - Off-side.
4:22 of 2nd period - Mike Zigomanis wins face-off versus Anton Gustafsson in neutral zone.
4:25 of 2nd period - Steve Begin is hit by Connor Murphy and loses puck.
6:15 of 2nd period - Snap shot by Michael Bournival.
6:15 of 2nd period - Shot Misses the Net.
6:19 of 2nd period - Backhand shot by Jarret Stoll.
6:19 of 2nd period - Stopped by Mike McKenna with a rebound.
6:21 of 2nd period - Slapshot by Tim Crowder.
6:21 of 2nd period - Deflect By Blake Geoffrion.
6:21 of 2nd period - Stopped by Mike McKenna without a rebound.
6:22 of 2nd period - Mike Zigomanis wins face-off versus Anton Gustafsson in Carnivores zone.
6:29 of 2nd period - Wrist shot by Cody McLeod.
6:29 of 2nd period - Shot Misses the Net.
6:47 of 2nd period - Ryan Murray is hit by Slater Koekkoek and loses puck.
7:14 of 2nd period - Slapshot by Kevin Veilleux.
7:14 of 2nd period - Stopped by Mike McKenna without a rebound.
7:15 of 2nd period - Anton Gustafsson wins face-off versus Kevin Veilleux in Carnivores zone.
7:15 of 2nd period - Anton Gustafsson is hit by Connor Murphy.
7:46 of 2nd period - Snap shot by Mike Zigomanis.
7:46 of 2nd period - Shot Misses the Net.
7:48 of 2nd period - Slapshot by Mike Zigomanis.
7:48 of 2nd period - Stopped by Mike McKenna with a rebound.
9:02 of 2nd period - Snap shot by Chris Terry.
9:02 of 2nd period - Shot Blocked by Jeremy Williams.
9:08 of 2nd period - Slapshot by Ryan Murray.
9:08 of 2nd period - Stopped by Leland Irving with a rebound.
9:10 of 2nd period - Slapshot by Zack Smith.
9:10 of 2nd period - Stopped by Leland Irving without a rebound.
9:11 of 2nd period - Anton Gustafsson wins face-off versus Jarret Stoll in Rafales zone.
9:20 of 2nd period - Wrist shot by Brendan Gallagher.
9:20 of 2nd period - Stopped by Leland Irving without a rebound.
9:21 of 2nd period - Jarret Stoll wins face-off versus Anton Gustafsson in Rafales zone.
10:35 of 2nd period - Wrist shot by Anton Gustafsson.
10:35 of 2nd period - Stopped by Leland Irving without a rebound.
10:36 of 2nd period - Mike Zigomanis wins face-off versus Markus Granlund in Rafales zone.
10:36 of 2nd period - Mike Zigomanis is hit by Blake Geoffrion.
10:49 of 2nd period - Minor Penalty to Blake Geoffrion for Slashing.
10:50 of 2nd period - Mike Zigomanis wins face-off versus Steve Begin in Carnivores zone.
10:58 of 2nd period - Wrist shot by Milan Bartovic.
10:58 of 2nd period - Goal by Milan Bartovic - Carnivores : 0 - Rafales : 2.
10:59 of 2nd period - Mike Zigomanis wins face-off versus Nikita Alexeev in neutral zone.
11:24 of 2nd period - Jeremy Williams is hit by Nathan Davis and loses puck.
11:31 of 2nd period - Wrist shot by Brian Ferlin.
11:31 of 2nd period - Shot Misses the Net.
12:41 of 2nd period - Wrist shot by Kevin Veilleux.
12:41 of 2nd period - Shot Misses the Net.
13:04 of 2nd period - Icing by Dennis Persson.
13:05 of 2nd period - Zack Smith wins face-off versus Jarret Stoll in Rafales zone.
13:08 of 2nd period - Wrist shot by Jeremy Williams.
13:08 of 2nd period - Stopped by Leland Irving with a rebound.
13:14 of 2nd period - Slapshot by Jeremy Williams.
13:14 of 2nd period - Shot Misses the Net.
13:20 of 2nd period - Wrist shot by Jarret Stoll.
13:20 of 2nd period - Stopped by Mike McKenna with a rebound.
13:39 of 2nd period - Off-side.
13:40 of 2nd period - Mike Zigomanis wins face-off versus Anton Gustafsson in neutral zone.
14:14 of 2nd period - Wrist shot by Blake Geoffrion.
14:14 of 2nd period - Goal by Blake Geoffrion - Carnivores : 1 - Rafales : 2.
14:15 of 2nd period - Mike Zigomanis wins face-off versus Anton Gustafsson in neutral zone.
14:37 of 2nd period - Mike Zigomanis is hit by Anton Gustafsson and loses puck.
15:18 of 2nd period - Snap shot by Nathan Davis.
15:18 of 2nd period - Shot Blocked by Jeremy Williams.
15:20 of 2nd period - Slapshot by Mark Fayne.
15:20 of 2nd period - Deflect By Carl Klingberg.
15:20 of 2nd period - Shot Misses the Net.
15:20 of 2nd period - Puck is out of play.
15:21 of 2nd period - Anton Gustafsson wins face-off versus Jarret Stoll in Carnivores zone.
15:26 of 2nd period - Wrist shot by Steve Begin.
15:26 of 2nd period - Stopped by Leland Irving without a rebound.
15:27 of 2nd period - Jarret Stoll wins face-off versus Anton Gustafsson in Rafales zone.
16:13 of 2nd period - Icing by Jeremy Welsh.
16:14 of 2nd period - Nathan Davis wins face-off versus Scott Laughton in Carnivores zone.
16:15 of 2nd period - Snap shot by Carl Klingberg.
16:15 of 2nd period - Shot Misses the Net.
16:43 of 2nd period - Wrist shot by Cody McLeod.
16:43 of 2nd period - Stopped by Mike McKenna without a rebound.
16:44 of 2nd period - Mike Zigomanis wins face-off versus Steve Begin in Carnivores zone.
17:13 of 2nd period - Carl Klingberg is hit by Ryan Murray and loses puck.
17:27 of 2nd period - Off-side.
17:28 of 2nd period - Jarret Stoll wins face-off versus Markus Granlund in neutral zone.
17:38 of 2nd period - Slapshot by Sasha Pokulok.
17:38 of 2nd period - Stopped by Leland Irving without a rebound.
17:39 of 2nd period - Mike Zigomanis wins face-off versus Markus Granlund in Rafales zone.
17:48 of 2nd period - Slapshot by Mark Fayne.
17:48 of 2nd period - Stopped by Mike McKenna with a rebound.
18:06 of 2nd period - Wrist shot by Tim Crowder.
18:06 of 2nd period - Shot Blocked by Nate Schmidt.
18:30 of 2nd period - Off-side.
18:31 of 2nd period - Nathan Davis wins face-off versus Scott Laughton in neutral zone.
18:40 of 2nd period - Snap shot by Carl Klingberg.
18:40 of 2nd period - Shot Misses the Net.
18:45 of 2nd period - Minor Penalty to Nicolas Kerdiles for Holding Stick.
18:46 of 2nd period - Mike Zigomanis wins face-off versus Steve Begin in Carnivores zone.
19:00 of 2nd period - Slapshot by Mark Fayne.
19:00 of 2nd period - Stopped by Mike McKenna with a rebound.
19:02 of 2nd period - Wrist shot by Mike Zigomanis.
19:02 of 2nd period - Stopped by Mike McKenna with a rebound.
19:12 of 2nd period - Steve Begin is hit by Nathan Davis and loses puck.
Goals for this period are 1 for Carnivores vs 1 for Rafales.
Shots for this period are 11 for Carnivores vs 11 for Rafales.

3rd period


0:01 of 3rd period - Steve Begin wins face-off versus Mike Zigomanis in neutral zone.
0:10 of 3rd period - Wrist shot by Steve Begin.
0:10 of 3rd period - Shot Blocked by Slater Koekkoek.
0:12 of 3rd period - Wrist shot by Steve Begin.
0:12 of 3rd period - Stopped by Leland Irving without a rebound.
0:13 of 3rd period - Mike Zigomanis wins face-off versus Steve Begin in Rafales zone.
0:28 of 3rd period - Snap shot by Mike Zigomanis.
0:28 of 3rd period - Shot Hit the Post.
0:45 of 3rd period - Penalty to Nicolas Kerdiles is over, Nicolas Kerdiles is back on ice.
1:22 of 3rd period - Snap shot by Jeremy Williams.
1:22 of 3rd period - Deflect By Zack Smith.
1:22 of 3rd period - Stopped by Leland Irving with a rebound.
1:24 of 3rd period - Wrist shot by Jeremy Welsh.
1:24 of 3rd period - Deflect By Jeremy Williams.
1:24 of 3rd period - Shot Blocked by Mike Zigomanis.
1:24 of 3rd period - Puck is out of play.
1:25 of 3rd period - Jarret Stoll wins face-off versus Zack Smith in Rafales zone.
1:48 of 3rd period - Wrist shot by Jeremy Williams.
1:48 of 3rd period - Deflect By Zack Smith.
1:48 of 3rd period - Stopped by Leland Irving with a rebound.
1:51 of 3rd period - Icing by Milan Bartovic.
1:52 of 3rd period - Anton Gustafsson wins face-off versus Milan Bartovic in Rafales zone.
2:43 of 3rd period - Snap shot by Kevin Veilleux.
2:43 of 3rd period - Shot Blocked by T.J Brodie.
2:45 of 3rd period - Wrist shot by Julian Melchiori.
2:45 of 3rd period - Stopped by Mike McKenna with a rebound.
2:47 of 3rd period - Wrist shot by Kevin Veilleux.
2:47 of 3rd period - Shot Misses the Net.
2:49 of 3rd period - Slapshot by Chris Terry.
2:49 of 3rd period - Shot Misses the Net.
2:51 of 3rd period - Snap shot by Connor Murphy.
2:51 of 3rd period - Deflect By Jeremy Welsh.
2:51 of 3rd period - Stopped by Mike McKenna without a rebound.
2:52 of 3rd period - Mike Zigomanis wins face-off versus Anton Gustafsson in Carnivores zone.
2:55 of 3rd period - Snap shot by Mike Zigomanis.
2:55 of 3rd period - Shot Misses the Net.
4:30 of 3rd period - Wrist shot by Mike Zigomanis.
4:30 of 3rd period - Shot Misses the Net.
4:42 of 3rd period - Nikita Alexeev is hit by Jarret Stoll and loses puck.
5:07 of 3rd period - Snap shot by Nicolas Kerdiles.
5:07 of 3rd period - Stopped by Leland Irving with a rebound.
6:29 of 3rd period - Minor Penalty to Jarret Stoll for Holding Stick.
6:30 of 3rd period - Anton Gustafsson wins face-off versus Mike Zigomanis in Rafales zone.
6:45 of 3rd period - Wrist shot by Brendan Gallagher.
6:45 of 3rd period - Shot Misses the Net.
6:55 of 3rd period - Mark Fayne is hit by Nikita Alexeev and loses puck.
8:29 of 3rd period - Penalty to Jarret Stoll is over, Jarret Stoll is back on ice.
8:33 of 3rd period - Snap shot by Jeremy Williams.
8:33 of 3rd period - Stopped by Leland Irving without a rebound.
8:34 of 3rd period - Zack Smith wins face-off versus Jarret Stoll in Rafales zone.
9:03 of 3rd period - Mark Fayne is hit by Scott Laughton and loses puck.
9:22 of 3rd period - Snap shot by Carl Klingberg.
9:22 of 3rd period - Shot Misses the Net.
11:20 of 3rd period - Slapshot by Jarret Stoll.
11:20 of 3rd period - Stopped by Mike McKenna without a rebound.
11:21 of 3rd period - Zack Smith wins face-off versus Jarret Stoll in Carnivores zone.
11:26 of 3rd period - Wrist shot by Jeremy Welsh.
11:26 of 3rd period - Goal by Jeremy Welsh - Carnivores : 2 - Rafales : 2.
11:27 of 3rd period - Mike Zigomanis wins face-off versus Anton Gustafsson in neutral zone.
11:30 of 3rd period - Anton Gustafsson is hit by Cody McLeod and loses puck.
12:21 of 3rd period - Slapshot by Joe Corvo.
12:21 of 3rd period - Shot Misses the Net.
12:23 of 3rd period - Slapshot by Ryan Murray.
12:23 of 3rd period - Shot Misses the Net.
12:25 of 3rd period - Slapshot by Ryan Murray.
12:25 of 3rd period - Shot Blocked by Julian Melchiori.
12:41 of 3rd period - Backhand shot by Scott Laughton.
12:41 of 3rd period - Shot Blocked by Carl Klingberg.
12:55 of 3rd period - Julian Melchiori is hit by Brendan Gallagher and loses puck.
13:29 of 3rd period - Snap shot by Nathan Davis.
13:29 of 3rd period - Stopped by Mike McKenna without a rebound.
13:30 of 3rd period - Zack Smith wins face-off versus Cody McLeod in Carnivores zone.
13:39 of 3rd period - Wrist shot by Cody McLeod.
13:39 of 3rd period - Shot Blocked by Mat Clark.
13:41 of 3rd period - Snap shot by Cody McLeod.
13:41 of 3rd period - Goal by Cody McLeod - Carnivores : 2 - Rafales : 3.
13:42 of 3rd period - Brendan Gallagher wins face-off versus Mike Zigomanis in neutral zone.
14:03 of 3rd period - Minor Penalty to Mike Zigomanis for Holding.
14:04 of 3rd period - Anton Gustafsson wins face-off versus Jarret Stoll in Rafales zone.
14:37 of 3rd period - Slater Koekkoek is hit by Markus Granlund and loses puck.
15:52 of 3rd period - Blake Geoffrion is hit by Connor Murphy and loses puck.
16:03 of 3rd period - Penalty to Mike Zigomanis is over, Mike Zigomanis is back on ice.
16:40 of 3rd period - Wrist shot by Nicolas Kerdiles.
16:40 of 3rd period - Shot Misses the Net.
17:24 of 3rd period - Adam Pelech is hit by Milan Bartovic.
17:54 of 3rd period - Jeremy Welsh is hit by Slater Koekkoek and loses puck.
18:15 of 3rd period - Mike Zigomanis is hit by Markus Granlund and loses puck.
18:24 of 3rd period - Wrist shot by T.J Brodie.
18:24 of 3rd period - Stopped by Leland Irving with a rebound.
18:38 of 3rd period - T.J Brodie is hit by James Marcou and loses puck.
18:43 of 3rd period - Snap shot by Chris Terry.
18:43 of 3rd period - Stopped by Mike McKenna with a rebound.
18:45 of 3rd period - Snap shot by Connor Murphy.
18:45 of 3rd period - Stopped by Mike McKenna without a rebound.
18:46 of 3rd period - Wayne Gretzky call a timeout for Carnivores.
18:46 of 3rd period - Mike Zigomanis wins face-off versus Anton Gustafsson in Carnivores zone.
18:59 of 3rd period - Carnivores, Mike McKenna is pulled from the net.
19:21 of 3rd period - Snap shot by Brendan Gallagher.
19:21 of 3rd period - Shot Blocked by Julian Melchiori.
19:23 of 3rd period - Snap shot by Steve Begin.
19:23 of 3rd period - Shot Misses the Net.
19:25 of 3rd period - Slapshot by Steve Begin.
19:25 of 3rd period - Deflect By Milan Bartovic.
19:25 of 3rd period - Stopped by Leland Irving with a rebound.
19:31 of 3rd period - Wrist shot by Steve Begin.
19:31 of 3rd period - Shot Blocked by Connor Murphy.
19:33 of 3rd period - Slapshot by Anton Gustafsson.
19:33 of 3rd period - Deflect By Brendan Gallagher.
19:33 of 3rd period - Stopped by Leland Irving with a rebound.
19:35 of 3rd period - Snap shot by Nate Schmidt.
19:35 of 3rd period - Deflect By Steve Begin.
19:35 of 3rd period - Stopped by Leland Irving with a rebound.
19:37 of 3rd period - Wrist shot by Joe Corvo.
19:37 of 3rd period - Stopped by Leland Irving without a rebound.
19:38 of 3rd period - Anton Gustafsson wins face-off versus Mike Zigomanis in Rafales zone.
19:51 of 3rd period - Slapshot by Milan Bartovic.
19:51 of 3rd period - Shot Misses the Net.
Goals for this period are 1 for Carnivores vs 1 for Rafales.
Shots for this period are 11 for Carnivores vs 7 for Rafales.